 Dungeon Crawl Stone Soup version 0.23.0-3-gf3c87f2df8 (webtiles) character file.

Game seed: 4582165556768421596

1553 PikkenKukken the Spear-Bearer (level 8, -6/62 HPs)
             Began as a Merfolk Gladiator on Feb 22, 2019.
             Was a Believer of Dithmenos.
             Killed by divine providence
             ... invoked by an orc priest
              (13 damage)
             ... on level 6 of the Dungeon.
             The game lasted 00:12:24 (7233 turns).

PikkenKukken the Spear-Bearer (Merfolk Gladiator)   Turns: 7233, Time: 00:12:25

Health: -6/62      AC:  5    Str: 15    XL:     8   Next: 88%
Magic:  6/10       EV: 17    Int:  7    God:    Dithmenos [**....]
Gold:   244        SH:  0    Dex: 19    Spells: 7/7 levels left

rFire    . . .     SeeInvis .   a - +1 trident
rCold    . . .     Gourm    .   (no shield)
rNeg     . . .     Faith    .   b - +0 leather armour
rPois    .         Spirit   .   c - +1 helmet
rElec    .         Reflect  .   (no cloak)
rCorr    .         Harm     .   (no gloves)
MR       .....                  (no boots)
Stlth    +++.......             (no amulet)
HPRegen  0.20/turn              q - +2 ring of dexterity
MPRegen  0.12/turn              (no ring)

@: wreathed by umbra
A: change form in water, swift swim, stealthy swim
a: Shadow Step, Renounce Religion


You were on level 6 of the Dungeon.
You worshipped Dithmenos.
Dithmenos was pleased with you.
You were not hungry.

You visited 1 branch of the dungeon, and saw 6 of its levels.

You collected 244 gold pieces.

Inventory:

Hand Weapons
 a - a +1 trident (weapon)
Missiles
 d - a throwing net (quivered)
 j - 3 tomahawks
Armour
 b - a +0 leather armour (worn)
 c - a +1 helmet (worn)
 m - a +0 shield
Jewellery
 q - a +2 ring of dexterity (left hand)
Wands
 n - a wand of enslavement (6)
Scrolls
 e - 9 scrolls of identify
 g - a scroll of magic mapping
 h - 4 scrolls of remove curse
 i - 5 scrolls of teleportation
Potions
 l - a potion of curing {unknown}
 o - a potion of magic {unknown}
 p - 2 potions of heal wounds {unknown}
Comestibles
 f - 6 rations
 k - 2 chunks of flesh


   Skills:
 + Level 5.1 Fighting
 * Level 9.6 Polearms
 - Level 2.0 Throwing
 + Level 2.9 Armour
 + Level 6.8 Dodging
 + Level 4.0 Stealth
 + Level 3.7 Invocations


You had 7 spell levels left.
You didn't know any spells.
Your spell library was empty.

Dungeon Overview and Level Annotations

Branches:
Dungeon (6/15)             Temple (0/1) D:5

Altars:
Ashenzari
Dithmenos
Elyvilon
Fedhas
Hepliaklqana
Makhleb
Ru
Trog
Yredelemnul
Zin
The Shining One

Shops:
D:4 %   D:5 *

Annotations:
D:4 Ijyb


Message History

Aim: an orc priest, wielding a +0 trident and wearing a +0 leather armour (umbra)
You step into the orc priest's shadow.
The orc priest calls down the wrath of Beogh upon you.
Pain shoots through your body!
You are too injured to fight recklessly!
You are too injured to fight recklessly!
You hit the orc priest.
The orc priest is lightly wounded.
The orc priest calls down the wrath of Beogh upon you.
Beogh smites you!
* * * LOW HITPOINT WARNING * * *
You completely miss the orc priest.
The orc priest is lightly wounded.
The orc priest calls down the wrath of Beogh upon you.
You struggle to resist.
You barely miss the orc priest.
The orc priest is lightly wounded.
The orc priest mumbles some strange prayers to Beogh against you.
Beogh smites you!
You die...

#........# #..........
+........# #..........
#........# #..........
#........#+###..........
#...............##+#####
#...............#
#...............#
#...............#
.##+###....>....@.....+
................o.....#
......................#
...............########
#..............#
#..............#
#....>......<..#
#..............#
#..............#


You could see an orc priest.

Vanquished Creatures
  Pikel (D:3)
  Grinder (D:4)
  Edmund (D:4)
  2 slaves (D:3)
  An ogre (D:5)
  3 big kobolds
  A centaur skeleton (D:5)
  2 hounds (D:5)
  5 orc wizards
  A worker ant (D:5)
  4 gnolls
  11 adders
  A howler monkey skeleton (D:4)
  2 oozes
  4 worms
  4 dart slugs
  3 leopard geckos
  18 orcs
  8 giant cockroaches
  4 goblins
  4 hobgoblins
  5 jackals
  4 quokkas
  A ball python (D:5)
  7 bats
  12 frilled lizards
  A jackal skeleton (D:4)
  42 kobolds
  A leopard gecko zombie (D:5)
  2 quokka skeletons (D:4)
  6 rats
  A plant (D:4)
163 creatures vanquished.

Vanquished Creatures (others)
  A slave (D:3)
  6 plants (D:4)
7 creatures vanquished.

Grand Total: 170 creatures vanquished

Notes
Turn   | Place    | Note
-------+----------+-------------------------------------------
     0 | D:1      | PikkenKukken the Merfolk Gladiator began the quest for the
                  | Orb.
     0 | D:1      | Reached XP level 1. HP: 16/16 MP: 1/1
   240 | D:1      | Reached XP level 2. HP: 23/23 MP: 2/2
   382 | D:1      | Reached skill level 5 in Polearms
   800 | D:1      | Reached XP level 3. HP: 28/28 MP: 3/3
  1273 | D:2      | Found a faded altar of an unknown god.
  1805 | D:2      | Reached XP level 4. HP: 21/34 MP: 4/4
  1976 | D:2      | Reached skill level 1 in Armour
  2087 | D:2      | Found a bloodstained altar of Trog.
  2104 | D:2      | Found a hazy altar of Hepliaklqana.
  2594 | D:3      | Reached skill level 6 in Polearms
  2695 | D:3      | Reached XP level 5. HP: 20/41 MP: 5/5
  3083 | D:3      | Reached skill level 5 in Dodging
  3180 | D:3      | Found a shadowy altar of Dithmenos.
  3182 | D:3      | Found a blossoming altar of Fedhas.
  3184 | D:3      | Found a bloodstained altar of Trog.
  3196 | D:3      | Became a worshipper of Dithmenos the Shadowed
  3602 | D:4      | Noticed Grinder
  3603 | D:4      | Paralysed by Grinder for 3 turns
  3931 | D:4      | Reached skill level 1 in Stealth
  3931 | D:4      | Reached XP level 6. HP: 45/47 MP: 6/6
  3939 | D:4      | Killed Grinder
  3939 | D:4      | Reached skill level 7 in Polearms
  3939 | D:4      | Reached skill level 1 in Invocations
  3943 | D:4      | Reached XP level 7. HP: 14/53 MP: 6/8
  4233 | D:4      | Noticed Edmund
  4624 | D:4      | Noticed Pikel
  5030 | D:3      | Killed Pikel
  5030 | D:3      | Reached skill level 8 in Polearms
  5030 | D:3      | Reached XP level 8. HP: 23/61 MP: 9/9
  5365 | D:4      | Reached * piety under Dithmenos
  5638 | D:4      | Found a glowing golden altar of the Shining One.
  5664 | D:4      | Killed Edmund
  5698 | D:4      | Found Deoreume's Food Boutique.
  5710 | D:4      | Found a basalt altar of Yredelemnul.
  5754 | D:4      | Noticed Ijyb
  5931 | D:4      | Found a sacrificial altar of Ru.
  6109 | D:5      | Entered Level 5 of the Dungeon
  6122 | D:5      | Found a glowing silver altar of Zin.
  6122 | D:5      | Found Zin's Purification Station.
  6130 | D:5      | Found a white marble altar of Elyvilon.
  6165 | D:5      | Reached skill level 9 in Polearms
  6290 | D:5      | Reached ** piety under Dithmenos
  6407 | D:5      | Found a shattered altar of Ashenzari.
  6573 | D:5      | Found a staircase to the Ecumenical Temple.
  6650 | D:5      | Reached skill level 5 in Fighting
  6733 | D:5      | Found a burning altar of Makhleb.
  7233 | D:6      | Killed from afar by an orc priest

Skill      XL: |  1  2  3  4  5  6  7  8 |
---------------+-------------------------+-----
Polearms       | 5 6 7 8 9 |  9.6
Armour         | 1 2 |  2.9
Fighting       | 3 4 5 |  5.1
Dodging        | 5 6 |  6.8
Stealth        | 1 2 4 |  4.0
Invocations    | 1 2 3 |  3.7
Throwing       | |  2.0

Action                   |  1- 3 |  4- 6 |  7- 9 || total
-------------------------+-------+-------+-------++-------
Melee: Trident           |    90 |   186 |   349 ||   625
Throw: Throwing net      |       |       |     3 ||     3
Invok: Shadow Step       |       |       |     1 ||     1
Evoke: Wand              |       |       |     2 ||     2
  Use: Scroll            |     4 |       |     4 ||     8
       Potion            |       |     1 |       ||     1
 Stab: Sleeping          |     2 |     2 |     5 ||     9
       Distracted        |     1 |       |       ||     1
       Held in net/web   |       |       |     2 ||     2
  Eat: Chunk             |     3 |     7 |     7 ||    17
       Ration            |       |       |     1 ||     1
Armor: Leather armour    |    19 |    37 |    26 ||    82
Dodge: Dodged            |    41 |    96 |   154 ||   291
